Cogmind - Beta 15 @@@ ROGUE MODE // 2025.06.27 @ 00:52:28 Player: Cracklepappy Result: Self-destructed Performance ------------- Evolutions (2) 1000 Regions Visited (9) 1800 Robots Destroyed (147) 735 Value Destroyed (7539) 7539 Prototype IDs (41) 820 Alien Tech Used (0) 0 Bonus (4870) 4870 TOTAL SCORE: 16764 Bonus ------- High Alert Combat Kills 1875 Follower Combat Kills 834 Entered Garrisons 400 Used RIF Installer 1500 Aligned with FarCom 300 Friendly Fire -39 Cogmind --------- Core Integrity 28/550 Matter 300/300 Energy 265/265 System Corruption 1% Temperature Cool (0) Movement Rolling (135) Ox3 Location -8/Materials Parts ------- > --- POWER (1) -------- Improved Ion Engine > --- PROPULSION (3) --- Armored Wheel Armored Wheel Armored Wheel > --- UTILITY (3) ------ Improved Heat Sink High-capacity Storage Unit Hardened Medium Armor Plating > --- WEAPON (4) ------- AWS/Autocannon > --- INVENTORY (20) --- Light Nuclear Core Armored Treads Armored Treads Improved Medium Treads High-capacity Matter Pod (200) Relay Coupler [NC] (25) Relay Coupler [NC] (31) Relay Coupler [NC] (26) Relay Coupler [Demolisher] (23) Proton Cannon Heavy Plasma Cannon Guided Plasma Cannon Heavy Machine Gun Heavy Machine Gun Improved Datajack Field Lobotomy Kit (5) Axe Peak State ------------ > --- POWER ------------ Improved Ion Engine > --- PROPULSION ------- Armored Wheel Armored Wheel Armored Wheel > --- UTILITY ---------- Improved Heat Sink High-capacity Storage Unit Hardened Medium Armor Plating > --- WEAPON ----------- AWS/Autocannon Remote Datajack > --- INVENTORY -------- Light Nuclear Core Armored Treads Armored Treads Improved Medium Treads High-capacity Matter Pod Relay Coupler [NC] Relay Coupler [NC] Relay Coupler [NC] Relay Coupler [Demolisher] Proton Cannon Heavy Plasma Cannon Guided Plasma Cannon Heavy Machine Gun Heavy Machine Gun Improved Datajack Field Lobotomy Kit Axe [Rating: 55] Favorites ----------- Power Light Nuclear Core Engine Improved Ion Engine Power Core Light Nuclear Core Propulsion Light Treads Treads Light Treads Wheel Armored Wheel Flight Unit Improved VTOL Module Utility High-capacity Storage Unit Device Improved Heat Sink Storage High-capacity Storage Unit Hackware Hacking Suite Protection Weapon Shielding Weapon Minigun Energy Gun Heavy EM Pulse Gun Energy Cannon Proton Cannon Ballistic Gun Minigun Ballistic Cannon AWS/Autocannon Launcher Rocket Launcher Special Weapon Remote Datajack Slashing Weapon Axe Special Melee Weapon Improved Datajack Build | -11 -10 -10 -10 -9 -8 -8 -8 -8 -8 ------- Run | Yrd Mat Min Exi Min Mat Gar Mat Gar Mat Slots Evolved 4 | . . . . . 4 . . . . Power . | . . . . . . . . . . Propulsion 1 | . . . . . 1 . . . . Utility 1 | . . . . . 1 . . . . Weapon 2 | . . . . . 2 . . . . Parts Attached 115 | 7 13 7 1 3 20 23 12 26 3 Power 13 | 1 3 . . 1 . 4 1 3 . Engine 9 | 1 2 . . . . 3 1 2 . Core 4 | . 1 . . 1 . 1 . 1 . Reactor . | . . . . . . . . . . Propulsion 31 | 2 1 2 . . 8 9 2 7 . Treads 24 | 2 1 2 . . 8 9 2 . . Leg . | . . . . . . . . . . Wheel 4 | . . . . . . . . 4 . Hover . | . . . . . . . . . . Flight 3 | . . . . . . . . 3 . Utility 33 | 2 3 2 . . 4 4 4 13 1 Device 8 | 1 . 2 . . 2 . 1 2 . Storage 3 | 1 2 . . . . . . . . Processor . | . . . . . . . . . . Hackware 17 | . . . . . 1 2 3 11 . Protection 5 | . 1 . . . 1 2 . . 1 Artifact . | . . . . . . . . . . Weapon 38 | 2 6 3 1 2 8 6 5 3 2 Energy Gun 13 | 1 6 1 . 1 1 . . 2 1 Energy Cannon 2 | . . . . . . . 1 1 . Ballistic Gun 14 | 1 . . . . 5 5 3 . . Ballistic Cannon 2 | . . . . . . . 1 . 1 Launcher 2 | . . 1 . 1 . . . . . Special Weapon 1 | . . . . . . 1 . . . Impact Weapon . | . . . . . . . . . . Slashing Weapon 1 | . . . . . 1 . . . . Piercing Weapon . | . . . . . . . . . . Special Melee Weapon 3 | . . 1 1 . 1 . . . . Unidentified Prototypes . | . . . . . . . . . . Parts Lost 11 | . 3 . . 2 . 2 1 2 1 Power 3 | . 1 . . 1 . . . 1 . Propulsion 1 | . . . . . . 1 . . . Utility 1 | . . . . . . . 1 . . Weapon 6 | . 2 . . 1 . 1 . 1 1 Highest Loss Streak 2 | . 2 . . 1 . 1 1 2 1 To Critical Strikes . | . . . . . . . . . . Average Backups 15 | 5 14 19 14 17 17 17 17 10 17 Power . | . 1 1 . . . . . . 1 Propulsion 2 | 3 3 3 3 4 3 2 . 2 3 Utility 4 | . 3 5 2 3 3 6 8 3 4 Weapon 6 | 1 6 8 7 7 8 6 6 3 6 Tool/Special . | . . . . . . . . . . Unused Backups 59 | . 10 5 5 . 7 10 1 10 11 Power 5 | . . 2 . . . . 1 1 1 Propulsion 13 | . 4 . . . 1 1 . 5 2 Utility 26 | . 4 2 3 . 3 7 . 3 4 Weapon 13 | . 2 . 2 . 3 2 . 1 3 Tool/Special 2 | . . 1 . . . . . . 1 Average Slot Usage (%) 99 | . 98 100 100 100 99 99 99 97 97 Engine 4 | . 4 . . . . 5 9 8 9 Core 6 | . 8 14 14 14 9 3 . . . Treads 21 | . 27 28 28 28 27 26 27 . . Wheel 3 | . . . . . . . . 12 27 Flight 2 | . . . . . . . . 14 . Device 5 | . 2 4 14 14 8 2 2 1 9 Storage 10 | . 14 14 14 14 9 9 9 4 9 Hackware 7 | . . . . . 8 9 9 19 4 Protection 4 | . 11 9 . . . 5 6 . 4 Energy Gun 11 | . 22 25 18 27 6 . . 3 24 Ballistic Gun 16 | . 5 . . . 27 32 32 20 . Special Weapon 1 | . . . . . . . 2 3 8 Slashing Weapon 2 | . . . . . 1 2 . 7 . Special Melee Weapon 1 | . . 2 9 . . . . . . Peak Build Rating 55 | 7 13 18 21 21 31 36 41 44 55 Average Rating 25 | 5 11 14 17 20 29 31 35 37 40 On Entrance 22 | . 7 13 17 20 20 31 34 41 37 Naked Turns . | . . . . . . . . . . Heaviest Build 75 | 12 52 53 52 55 60 67 75 70 71 Greatest Support 64 | 40 40 40 40 40 60 62 64 64 36 Greatest Overweight (x) 1 | . 1 1 1 1 . 1 1 1 1 Average Overweight (x) . | . . 1 1 1 . . . . 1 Largest Inventory Capacity 20 | 8 20 20 20 20 20 20 20 20 20 Average Capacity 17 | 7 16 20 20 20 20 20 20 11 20 Most Carried 20 | 8 20 20 20 20 20 20 20 20 20 Average Carried 16 | 5 14 19 14 19 19 19 19 11 19 Final Capacity 20 | 8 20 20 20 20 20 20 20 20 20 Final Carried 20 | 8 20 20 20 19 20 20 20 20 17 Class Distribution -------------------- 40% | Mutant 25% | Scavenger-Skirmisher 12% | Commander-Skirmisher 9% | Commander-Sprinter 7% | Bothacker-Skirmisher 3% | Skirmisher Dominant Class ---------------- Mutant | -10/Materials Mutant | -10/Mines Mutant | -10/Exiles Mutant | -9/Mines Scavenger-Skirmisher | -8/Materials Scavenger-Skirmisher | -8/Garrison Commander-Skirmisher | -8/Materials Commander-Sprinter | -8/Garrison Commander-Skirmisher | -8/Materials Resources | -11 -10 -10 -10 -9 -8 -8 -8 -8 -8 ----------- Run | Yrd Mat Min Exi Min Mat Gar Mat Gar Mat Matter Collected 5450 | 327 449 117 40 103 577 1340 925 1517 55 Remotely . | . . . . . . . . . . Salvage Created 6438 | 238 812 197 . 303 731 1272 603 1560 722 Parts 341 | 15 57 7 . 9 43 66 39 68 37 Haulers Intercepted 3 | . 2 . . . . . 1 . . Recyclers Shooed 1 | . . . . . . . . . 1 Parts Field Recycled . | . . . . . . . . . . Retrieved Matter . | . . . . . . . . . . Parts Self-Destructed . | . . . . . . . . . . Prevented . | . . . . . . . . . . Kills | -11 -10 -10 -10 -9 -8 -8 -8 -8 -8 ------- Run | Yrd Mat Min Exi Min Mat Gar Mat Gar Mat Combat Hostiles Destroyed 130 | . 16 5 . 12 15 30 11 21 20 Melee 9 | . . . . . . . . 9 . Guns 93 | . 14 1 . 3 15 27 10 11 12 Cannons 9 | . . . . . . . 1 1 7 AOE 17 | . 2 4 . 8 . 3 . . . Classes Destroyed 19 | 3 4 . . 1 3 5 . 2 1 Worker 5 | 2 2 . . 1 . . . . . Builder 3 | . . . . . 1 . 1 . 1 Tunneler 4 | 4 . . . . . . . . . Hauler 3 | . 2 . . . . . 1 . . Recycler 5 | 1 1 1 . 1 . . . . 1 Operator 2 | . 2 . . . . . . . . Watcher 2 | . . . . . . . . 1 1 Swarmer 18 | . 3 2 . . . 4 1 2 6 Grunt 68 | . 13 3 . 3 10 12 6 11 10 Brawler 1 | . . . . . 1 . . . . Duelist 3 | . . . . . . 1 1 . 1 Protector 1 | . . . . . . . . . 1 Sentry 20 | . . . . . 4 8 4 2 2 Demolisher 1 | . . . . . . 1 . . . Specialist 2 | . . . . . . 1 . 1 . Hunter 4 | . . . . . . 3 . 1 . Programmer 4 | . . . . . . 1 . 3 . Behemoth 1 | . . . . . . . . 1 . Assembled 9 | . . . . 9 . . . . . Best Kill Streak 10 | 3 4 3 . 6 3 4 4 4 10 Combat Bots Only 9 | . 3 3 . 5 3 4 4 4 9 Max Kills in Single Turn 6 | 1 2 3 . 6 1 2 2 2 4 Gunslinging 1 | . . . . . . . . 1 1 Exploded 5 | . 1 3 . 5 . 2 . . . Melee 1 | . . . . . . . . 1 . Uniques/NPCs Destroyed . | . . . . . . . . . . Combat | -11 -10 -10 -10 -9 -8 -8 -8 -8 -8 -------- Run | Yrd Mat Min Exi Min Mat Gar Mat Gar Mat Hostile Shots Fired 491 | . 47 7 . 20 50 141 38 128 60 Missed 150 | . 6 2 . 2 11 37 7 64 21 Hits 341 | . 41 5 . 18 39 104 31 64 39 Melee 2 | . . . . . . . . 1 1 Projectile 339 | . 41 5 . 18 39 104 31 63 38 AOE 5 | . . . . . . 2 3 . . Critical Strikes 15 | . . . . . 3 2 3 4 3 Damage Taken 5090 | . 532 98 . 243 589 1570 540 915 603 Core 621 | . 67 . . 32 87 157 42 181 55 Absorbed by Shields . | . . . . . . . . . . Redirected to Shielding 44 | . 32 12 . . . . . . . Regen/Repaired (Parts) 985 | . . . . . 82 305 134 427 37 Core Remaining (%) 80 | 100 . . . 60 . . . . . Volleys Fired 370 | 19 49 6 . 17 32 76 55 95 21 Largest 4 | 2 2 2 . 2 4 4 4 4 3 Hottest 240 | 60 90 90 . 90 130 96 121 120 240 Shots Fired 953 | 38 98 10 . 30 126 252 137 190 72 Gun 829 | 38 98 8 . 26 126 242 105 133 53 Cannon 29 | . . . . . . . 6 7 16 Launcher 12 | . . 2 . 4 . 6 . . . Special 83 | . . . . . . 4 26 50 3 Kinetic 648 | 19 28 . . . 101 242 109 133 16 Thermal 124 | 19 20 . . . 25 . . 7 53 Explosive 12 | . . 2 . 4 . 6 . . . Electromagnetic 86 | . 50 8 . 26 . . 2 . . Robot Hit Streak 14 | 5 13 3 . 10 14 12 8 7 8 Robot Miss Streak 6 | 2 6 1 . 3 4 4 4 6 5 Penetration Max 1 | . . . . . . . 1 . . Secondary Targets 18 | . 1 . . 1 1 7 1 2 5 Max Gunslinging Chain 1 | . 1 . . 1 1 1 1 1 1 Autonomous 16 | . . . . . . . . . 16 Shots Hit Robots 630 | 20 55 9 4 18 84 156 81 145 58 Core Hits 293 | 8 28 8 . 19 48 64 28 50 40 Critical Kills 2 | . . . . . . . 2 . . Critical Parts Destroyed 2 | . . . . . . 1 . 1 . Critical Strikes 14 | . . . . . 3 1 3 5 2 Burn 3 | . . . . . 3 . . . . Destroy 5 | . . . . . . 1 3 1 . Blast 2 | . . . . . . . . . 2 Sever 4 | . . . . . . . . 4 . Melee Attacks 121 | . . 2 4 . 2 35 2 76 . Impact . | . . . . . . . . . . Slashing 100 | . . . . . 2 23 . 75 . Piercing . | . . . . . . . . . . Sneak Attacks 35 | . . 2 4 . . 12 2 15 . Combat Hostiles 11 | . . . . . . . . 11 . Follow-up Attacks . | . . . . . . . . . . Damage Inflicted 14024 | 245 959 497 . 718 1304 2664 1205 4401 2031 Guns 8334 | 245 815 93 . 257 1279 2220 1093 1411 921 Cannons 1491 | . . . . . . . 107 274 1110 Explosions 1426 | . 137 385 . 460 . 444 . . . Melee 2716 | . . . . . . . . 2716 . Ramming 57 | . 7 19 . 1 25 . 5 . . Kinetic 7219 | 146 183 . . . 1013 2220 1136 1411 1110 Thermal 1988 | 99 265 116 . 47 266 . . 274 921 Explosive 1126 | . . 269 . 413 . 444 . . . Electromagnetic 918 | . 504 93 . 257 . . 64 . . Impact . | . . . . . . . . . . Slashing 2716 | . . . . . . . . 2716 . Piercing . | . . . . . . . . . . Highest Corruption 1 | . . . . . . 1 1 1 1 Average Corruption 1 | . . . . . . 1 1 1 1 Corruption Purged . | . . . . . . . . . . Corruption Blocked . | . . . . . . . . . . Effects 54 | . . . . . . 17 13 22 2 Message Errors 14 | . . . . . . 5 3 5 1 Matter Fused 9 | . . . . . . 4 1 4 . Heat Flow Errors 6 | . . . . . . . 3 2 1 Energy Discharges 6 | . . . . . . 4 2 . . Parts Rejected 1 | . . . . . . 1 . . . Parts Fused 1 | . . . . . . . . 1 . Data Loss (minor) 7 | . . . . . . 2 3 2 . Data Loss (major) 7 | . . . . . . . . 7 . Misfires 2 | . . . . . . . 1 1 . Alerts 1 | . . . . . . 1 . . . Overload Shots . | . . . . . . . . . . Overflow Damage 320 | . 28 . . . . . . 188 104 Projectiles 104 | . . . . . . . . . 104 Explosions 28 | . 28 . . . . . . . . Melee 188 | . . . . . . . . 188 . Knockbacks 6 | . . . . . . . . . 6 Impact . | . . . . . . . . . . Kinetic 5 | . . . . . . . . . 5 Secondary 1 | . . . . . . . . . 1 Self-Inflicted Damage 157 | . 119 38 . . . . . . . Shots 6 | . 5 1 . . . . . . . Rammed 12 | . 2 3 . 1 4 . 2 . . Targets Rammed 13 | . 2 3 . 1 5 . 2 . . Kicked . | . . . . . . . . . . Crushed 1 | . . . . . 1 . . . . Highest Temperature 393 | . 168 36 . 14 267 299 359 256 393 Average Temperature 81 | . 50 16 . 7 54 80 102 76 155 Received Heat Transfer 1917 | . 171 12 . 60 369 414 270 270 351 Effects 4 | . . . . . . . 1 1 2 Energy Bleed 2 | . . . . . . . 1 . 1 Interference 2 | . . . . . . . . 1 1 Siege Activations . | . . . . . . . . . . Martial Activations . | . . . . . . . . . . Shielding Activations . | . . . . . . . . . . Robots Disrupted 1 | . . 1 . . . . . . . Combat Hostiles 1 | . . 1 . . . . . . . Robots Corrupted 1 | . . . . 1 . . . . . Combat Hostiles 1 | . . . . 1 . . . . . Parts Fried 3 | . 1 . . 2 . . . . . Impact Corruptions . | . . . . . . . . . . Robots Melted 1 | . . . . . . . . . 1 Combat Hostiles 1 | . . . . . . . . . 1 Parts Melted 1 | . . . . . 1 . . . . Heat Transferred 4431 | 225 559 150 . 100 737 . . 560 2100 Parts Sabotaged . | . . . . . . . . . . Parts Stolen . | . . . . . . . . . . Parts Stripped . | . . . . . . . . . . Power Chain Reactions 6 | . 3 2 . 1 . . . . . Alert | -11 -10 -10 -10 -9 -8 -8 -8 -8 -8 ------- Run | Yrd Mat Min Exi Min Mat Gar Mat Gar Mat Maximum Alert Level 5 | . . . . . . 5 4 5 4 Low Security (%) 50 | 100 100 100 . 100 100 15 . . . Level 1 3 | . . . . . . 15 . . . Level 2 3 | . . . . . . 16 . . . Level 3 10 | . . . . . . 11 78 10 9 Level 4 12 | . . . . . . 11 21 27 90 Level 5 18 | . . . . . . 28 . 61 . High Security . | . . . . . . . . . . Max Security . | . . . . . . . . . . Peak Influence 2740 | 10 149 143 . 115 146 2527 1240 2740 1414 Initial 1335 | . . 31 . . . 19 1231 794 1335 Average 726 | . 47 23 . 13 38 1061 930 1826 1285 Influence Increases 7879 | 35 595 237 . 184 474 2528 951 2006 869 Destroy 0b10 Robot/C 3000 | . 320 160 . 100 320 600 480 480 540 Destroy 0b10 Robot/NC 185 | 35 35 5 . 10 5 . 35 35 25 Destroy Leader 518 | . 74 40 . 20 90 20 130 30 114 Allied During Kill 484 | . . 9 . 26 2 13 239 41 154 Successful Hack 141 | . 31 . . . 7 24 33 28 18 Select Force Hacks 90 | . 60 . . . 30 . . . . Disable Machine 90 | . 45 . . . . . 30 . 15 Anti-Garrison Action 2950 | . . . . . . 1700 . 1250 . Destroy Structure 256 | . 15 23 . 28 5 96 4 82 3 Lose Combat Pursuer 165 | . 15 . . . 15 75 . 60 . Influence Decreases 6557 | 35 513 319 . 184 444 31 2256 488 2287 Entered New Map 3191 | . . 51 . . . 11 1296 428 1405 Time Decay 2039 | 35 483 268 . 167 424 . 440 . 222 Lost Part 100 | . 30 . . 10 . 20 10 20 10 Lost Ally 327 | . . . . 7 20 . 60 40 200 Purge Threat 900 | . . . . . . . 450 . 450 Squads Dispatched 18 | . 4 . . . 6 . 4 . 4 Investigation 5 | . 3 . . . 2 . . . . Extermination . | . . . . . . . . . . Reinforcement 6 | . 1 . . . 1 . 2 . 2 Assault 2 | . . . . . . . . . 2 Garrison 5 | . . . . . 3 . 2 . . Intercept . | . . . . . . . . . . Searches Triggered . | . . . . . . . . . . Construction Impeded . | . . . . . . . . . . Haulers Reinforced . | . . . . . . . . . . Active Scanning Responses . | . . . . . . . . . . Cargo Convoy Interrupts . | . . . . . . . . . . Stealth | -11 -10 -10 -10 -9 -8 -8 -8 -8 -8 --------- Run | Yrd Mat Min Exi Min Mat Gar Mat Gar Mat Distress Signals 10 | . 2 . . . 1 . 3 . 4 Communications Jammed . | . . . . . . . . . . Distress Signals . | . . . . . . . . . . Times Spotted 224 | . 36 6 . 24 17 31 32 46 32 Peak Tracking Total 20 | . 3 4 . 20 3 5 5 6 9 Tactical Retreats 8 | . 1 . . 2 1 3 . 1 . Traps | -11 -10 -10 -10 -9 -8 -8 -8 -8 -8 ------- Run | Yrd Mat Min Exi Min Mat Gar Mat Gar Mat Traps Triggered 19 | . 3 . . . . 12 . 4 . Indirectly . | . . . . . . . . . . Trap Hack Attempts 28 | . . 15 . . 2 . 10 1 . Triggered . | . . . . . . . . . . Disarmed 2 | . . . . . 1 . 1 . . Reprogrammed 3 | . . 1 . . . . 1 1 . Reused . | . . . . . . . . . . Traps Extracted 1 | . . 1 . . . . . . . Installed . | . . . . . . . . . . Triggered . | . . . . . . . . . . Most Traps Carried 1 | . . 1 1 . . . . . . Machines | -11 -10 -10 -10 -9 -8 -8 -8 -8 -8 ---------- Run | Yrd Mat Min Exi Min Mat Gar Mat Gar Mat Machines Disabled 18 | . 3 . . . . 6 2 6 1 Max in Single Turn 2 | . 2 . . . . 1 1 1 1 Garrison Relay 12 | . . . . . . 6 . 6 . Machines Repaired . | . . . . . . . . . . Machines Dismantled . | . . . . . . . . . . Machines Sabotaged . | . . . . . . . . . . Overloaded Fab Kills . | . . . . . . . . . . Hacking | -11 -10 -10 -10 -9 -8 -8 -8 -8 -8 --------- Run | Yrd Mat Min Exi Min Mat Gar Mat Gar Mat Machines Accessed 36 | . 8 1 2 . 9 2 8 3 3 Terminals 25 | . 6 . . . 6 2 5 3 3 Fabricators . | . . . . . . . . . . Repair Stations 2 | . . . . . 1 . 1 . . Recycling Units 2 | . 2 . . . . . . . . Scanalyzers 2 | . . . . . 1 . 1 . . Garrison Access 2 | . . . . . 1 . 1 . . Total Hacks 109 | . 21 1 3 . 33 4 33 5 9 Successful 68 | . 10 1 3 . 21 2 24 2 5 Failed 41 | . 11 . . . 12 2 9 3 4 Catastrophic 7 | . 2 . . . 2 . 3 . . Database Lockouts . | . . . . . . . . . . Manual 44 | . 18 . 1 . 11 1 10 . 3 Terminals 71 | . 19 . . . 18 4 16 5 9 Fabricators . | . . . . . . . . . . Repair Stations 3 | . . . . . 2 . 1 . . Recycling Units 2 | . 2 . . . . . . . . Scanalyzers 22 | . . . . . 8 . 14 . . Garrison Access 7 | . . . . . 5 . 2 . . Terminal Hacks 30 | . 2 1 3 . 8 2 7 2 5 Record 2 | . . . 2 . . . . . . Part Schematic 3 | . . . . . 3 . . . . Robot Schematic 1 | . 1 . . . . . . . . Robot Analysis 2 | . 1 . . . . . 1 . . Prototype ID Bank 2 | . . . . . 2 . . . . Open Door 1 | . . 1 . . . . . . . Emergency Access Points 2 | . . . . . . 1 . 1 . Unreport Threat 6 | . . . . . . . 3 . 3 Locate Traps 5 | . . . . . 2 . 2 . 1 Hauler Manifests 3 | . . . . . 1 . 1 . 1 Patrol Navigation 2 | . . . . . . 1 . 1 . Proto ID Catalog 1 | . . . 1 . . . . . . Fabricator Hacks . | . . . . . . . . . . Repair Station Hacks 2 | . . . . . 2 . . . . Scan Component 1 | . . . . . 1 . . . . Repair 1 | . . . . . 1 . . . . Recycling Unit Hacks . | . . . . . . . . . . Scanalyzer 22 | . . . . . 8 . 14 . . Insert Component 10 | . . . . . 4 . 6 . . Analyze 12 | . . . . . 4 . 8 . . Garrison Access Hacks 2 | . . . . . 1 . 1 . . Unlock Access 2 | . . . . . 1 . 1 . . Unauthorized Hacks 12 | . 8 . . . 2 . 2 . . Terminals 6 | . 6 . . . . . . . . Assimilate 1 | . 1 . . . . . . . . Operators 1 | . 1 . . . . . . . . Skim 4 | . 4 . . . . . . . . Fabricators . | . . . . . . . . . . Repair Stations 1 | . . . . . . . 1 . . Mechanics 1 | . . . . . . . 1 . . Recycling Units 2 | . 2 . . . . . . . . Tunnel 2 | . 2 . . . . . . . . Scanalyzers . | . . . . . . . . . . Garrison Access 3 | . . . . . 2 . 1 . . Reprogram 2 | . . . . . 1 . 1 . . Eject 1 | . . . . . 1 . . . . Data Cores Recovered 1 | . 1 . . . . . . . . Used . | . . . . . . . . . . Hacking Detections 26 | . 6 . . . 9 2 6 1 2 Full Trace Events 3 | . 1 . . . 1 . . 1 . Feedback Events . | . . . . . . . . . . Feedback Blocked . | . . . . . . . . . . Robot Schematics Acquired 1 | . 1 . . . . . . . . Robots Built . | . . . . . . . . . . Authchips . | . . . . . . . . . . Time . | . . . . . . . . . . Total Robot Build Rating . | . . . . . . . . . . Part Schematics Acquired 13 | . . . . . 7 . 6 . . Parts Built . | . . . . . . . . . . Authchips . | . . . . . . . . . . Time . | . . . . . . . . . . Total Part Build Rating . | . . . . . . . . . . Parts Repaired 1 | . . . . . 1 . . . . Time 38 | . . . . . 38 . . . . Parts Recycled . | . . . . . . . . . . Recycled Matter . | . . . . . . . . . . Retrieved Matter . | . . . . . . . . . . Retrieved Components . | . . . . . . . . . . Parts Scanalyzed 10 | . . . . . 4 . 6 . . Part Schematics Acquired 10 | . . . . . 4 . 6 . . Parts Damaged 2 | . . . . . 1 . 1 . . Bothacking | -11 -10 -10 -10 -9 -8 -8 -8 -8 -8 ------------ Run | Yrd Mat Min Exi Min Mat Gar Mat Gar Mat Used RIF Installer 3 | . . . . . . 2 . 1 . Zone Cloak 1 | . . . . . . . . 1 . Program Shield 1 | . . . . . . 1 . . . Robots Hacked 42 | . . 2 4 . . 3 12 20 1 Non-combat 18 | . . 2 2 . . 1 11 1 1 Combat 24 | . . . 2 . . 2 1 19 . Robot Hacks Applied 49 | . . 2 4 . . 6 15 21 1 parse_system 13 | . . 1 4 . . 2 5 1 . no_distress 1 | . . 1 . . . . . . . ignore_parts 1 | . . . . . . . 1 . . map_route 2 | . . . . . . . 2 . . mark_security 1 | . . . . . . . 1 . . amplify_resonance 7 | . . . . . . 2 . 5 . reboot_system 5 | . . . . . . . . 5 . overwrite_iff 5 | . . . . . . 1 . 4 . formatsys_low 9 | . . . . . . 1 6 1 1 formatsys_high 5 | . . . . . . . . 5 . Relay Couplers Released 52 | . . . . . 3 27 . 22 . Ejected 3 | . . . . . 3 . . . . Machine Destruction 45 | . . . . . . 23 . 22 . Programmers 4 | . . . . . . 4 . . . Attached 16 | . . . . . . 2 3 11 . Fabnet Peak Effective % . | . . . . . . . . . . Robots Rewired 6 | . . . . . . 6 . . . Allies Hacked . | . . . . . . . . . . Hacks Repelled . | . . . . . . . . . . Allies | -11 -10 -10 -10 -9 -8 -8 -8 -8 -8 -------- Run | Yrd Mat Min Exi Min Mat Gar Mat Gar Mat Total Allies 34 | . . 4 . 3 . 8 6 12 1 Largest Group 15 | . . 4 3 5 1 7 12 15 13 Highest-Rated Group 241 | . . 71 40 93 31 144 196 241 217 Highest-Rated Ally 85 | . . 31 16 31 31 31 31 85 23 Total Orders 140 | . . 2 2 . . 14 10 109 3 STAY 49 | . . 1 1 . . 5 2 40 . ROAM 1 | . . . . . . . . 1 . FOLLOW 40 | . . 1 1 . . 4 2 32 . GUARD 4 | . . . . . . 1 2 . 1 AID 20 | . . . . . . 4 4 10 2 DROP 7 | . . . . . . . . 7 . PICKUP 17 | . . . . . . . . 17 . COLLECT 2 | . . . . . . . . 2 . Ally Attacks 195 | . . 11 . 22 6 2 88 19 47 Total Damage 3922 | . . 230 . 314 129 17 1631 566 1035 Kills 39 | . . 3 . 5 1 . 18 3 9 Allies Corrupted 3 | . . . . . . . 2 . 1 Allies Melted 1 | . . . . . . . . 1 . Intel | -11 -10 -10 -10 -9 -8 -8 -8 -8 -8 ------- Run | Yrd Mat Min Exi Min Mat Gar Mat Gar Mat Active Infowar (turns) 1443 | 101 422 . . . 286 634 . . . Seismic 1443 | 101 422 . . . 286 634 . . . Robot Analysis Total 2 | . 1 . . . . . 1 . . Derelict Logs Recovered 2 | . . 1 . 1 . . . . . Drone Launches . | . . . . . . . . . . Drone Recoveries . | . . . . . . . . . . Exploration | -11 -10 -10 -10 -9 -8 -8 -8 -8 -8 ------------- Run | Yrd Mat Min Exi Min Mat Gar Mat Gar Mat Turns Passed 17436 | 325 2148 1829 1451 1254 1937 3791 1082 3140 479 Spaces Moved 10016 | 159 981 713 594 417 743 1609 418 4069 313 Core 3 | 3 . . . . . . . . . Treads 5642 | 156 981 713 594 417 743 1609 418 11 . Legs . | . . . . . . . . . . Wheels 1314 | . . . . . . . . 1001 313 Hover . | . . . . . . . . . . Flight 3057 | . . . . . . . . 3057 . Fastest Speed 29 | 50 160 240 240 240 160 160 158 29 105 Average Speed 138 | 157 183 240 240 240 160 204 209 48 105 Slowest Speed 243 | 160 240 240 240 240 160 243 238 233 105 Overloaded Moves . | . . . . . . . . . . Propulsion Burnouts . | . . . . . . . . . . Robots Hopped 1 | . . . . . . . . 1 . Potential Cave-ins . | . . . . . . . . . . Cave-ins Triggered . | . . . . . . . . . . Exploration Rate (%) 67 | 10 97 98 84 82 46 96 44 96 22 Regions Visited 9 Branch Regions 3 Pre-discovered Areas 4 | . 2 1 1 . . . . . . Known Exits Taken 2 | . . . . . 1 . 1 . . Unknown Exits Taken 5 | 1 1 1 1 1 . . . . . Scrap Searched 2 | . . 1 . 1 . . . . . Spaces Dug 6 | . . . . . 2 2 . 2 . Terrain Destroyed 122 | . 12 26 . 30 2 46 2 2 2 Melee 6 | . . . . . 2 2 . 2 . Projectile 4 | . . . . . . . 2 . 2 AOE 112 | . 12 26 . 30 . 44 . . . Terrain Rammed . | . . . . . . . . . . Walls Destroyed . | . . . . . . . . . . Machines Disabled . | . . . . . . . . . . Actions | -11 -10 -10 -10 -9 -8 -8 -8 -8 -8 --------- Run | Yrd Mat Min Exi Min Mat Gar Mat Gar Mat Total 12838 | 192 1236 822 626 639 1417 1920 546 5029 411 Wait 1682 | . 135 54 1 197 569 67 13 579 67 Move 10005 | 158 980 712 593 416 742 1608 417 4066 313 Hop 1 | . . . . . . . . 1 . Pick Up 156 | 8 28 10 12 2 18 22 8 46 2 Fast Attach 38 | 7 8 . . . 4 2 1 16 . Attach 23 | . 2 2 . 2 4 6 2 4 1 Detach 3 | . . 1 . . . . . 2 . Swap 146 | . 12 7 2 3 17 44 27 31 3 Drop 169 | . 20 10 14 1 22 31 9 58 4 Fire 370 | 19 49 6 . 17 32 76 55 95 21 Melee 121 | . . 2 4 . 2 35 2 76 . Ram . | . . . . . . . . . . Kick . | . . . . . . . . . . Crush 13 | . 2 3 . 1 5 . 2 . . Escape Stasis 68 | . . . . . . 14 . 54 . Rewire 15 | . . . . . . 15 . . . Trap 28 | . . 15 . . 2 . 10 1 . Miscellaneous . | . . . . . . . . . . Route ------- -11/Scrapyard -10/Materials (discovered 5 exits: [*Mat x3] / *Min x2) -10/Mines (discovered 3 exits: [*Mat x2] / *Exi) -10/Exiles -9/Mines (discovered 2 exits: *Mat x2) -8/Materials (discovered 3 exits: [*Fac] / Sto / Gar) -8/Garrison (discovered 3 exits: *Mat x3) -8/Materials -8/Garrison (discovered 4 exits: [*Fac x3] / *Mat) -8/Materials (discovered 1 exit: *Sto) History --------- Turn | Location | Event 9 | -11/Scrapyard | Discovered new exit (range 16) 326 | -11/Scrapyard | Entered Materials 347 | -10/Materials | Build established: Mutant 388 | -10/Materials | Discovered new exit (range 15) 563 | -10/Materials | Discovered new exit (range 5) 797 | -10/Materials | Discovered new exit (range 8) 1005 | -10/Materials | Discovered new exit (range 16) 1320 | -10/Materials | Discovered new exit (range 13) 2474 | -10/Materials | Entered Mines 2481 | -10/Mines | Escorted by a lone wolf Derelict 2501 | -10/Mines | Learned location of Storage (-8) 3079 | -10/Mines | Deemed a non-threat by the Exiles lab entrance 3367 | -10/Mines | Assisted by bots powering up and referring to "LRC-V3" 3423 | -10/Mines | Discovered new exit (range 16) 3454 | -10/Mines | Learned Materials emergency access door positions 3610 | -10/Mines | Discovered new exit (range 7) 3644 | -10/Mines | Met a Derelict who couldn't figure out how to use a Trap Extractor 3901 | -10/Mines | A weapon hastily lodged in a ceiling crevice suddenly fell to the ground 4283 | -10/Mines | Discovered new exit (range 5) 4303 | -10/Mines | Entered Exiles 4303 | -10/Exiles | Accompanied by 3 allies 4368 | -10/Exiles | Met 8R-AWN 4402 | -10/Exiles | Met EX-HEX 4515 | -10/Exiles | Met EX-DEC 4623 | -10/Exiles | Learned location of Zion (-7) 4692 | -10/Exiles | Discovered new exit (range 14) 5013 | -10/Exiles | Visited The Gauntlet 5370 | -10/Exiles | Met EX-BIN 5404 | -10/Exiles | Aligned with FarCom system 5406 | -10/Exiles | Given EX-Vault access code 5464 | -10/Exiles | Opened EX-Vault 5485 | -10/Exiles | Found Gui. Plasma Cannon 5489 | -10/Exiles | Found AWS/Autocannon 5499 | -10/Exiles | Found Field Lobotomy Kit 5546 | -10/Exiles | Warned to stay clear of 0b10 Research branches 5564 | -10/Exiles | Exiles lab attacked by MAIN.C 5754 | -10/Exiles | Stole three prototypes: Gui. Plasma Cannon, AWS/Autocannon, Field Lobotomy Kit 5754 | -10/Exiles | Entered Mines 5754 | -9/Mines | Accompanied by 3 allies 5904 | -9/Mines | Learned 2 Materials zone layouts 6160 | -9/Mines | Assembled infested the area 6165 | -9/Mines | Assisted by a Guerilla fighting off Assembled 6217 | -9/Mines | Lost 7 allies 6332 | -9/Mines | Discovered new exit (range 3) 6685 | -9/Mines | Discovered new exit (range 8) 6689 | -9/Mines | Met a Derelict testing a Signal Generator 6702 | -9/Mines | Found Signal Generator 7008 | -9/Mines | Entered Materials 7008 | -8/Materials | Accompanied by 1 ally 7008 | -8/Materials | Evolved 4 slots: Propulsion x1, Utility x1, Weapon x2 7009 | -8/Materials | Identified exit to Storage 7325 | -8/Materials | Build established: Skirmisher 7775 | -8/Materials | Discovered new exit (range 9) 7797 | -8/Materials | Build established: Scavenger-Skirmisher 7821 | -8/Materials | Garrison activated, responded to threat 7962 | -8/Materials | Repaired Minigun 8918 | -8/Materials | Identified exit to Garrison 8945 | -8/Materials | Entered Garrison 9256 | -8/Garrison | Garrison Relay disabled 9517 | -8/Garrison | Triggered checkpoint 9666 | -8/Garrison | Discovered new exit (range 10) 9729 | -8/Garrison | Triggered checkpoint 9762 | -8/Garrison | Installed Relay Interface Framework 10218 | -8/Garrison | Discovered new exit (range 10) 10373 | -8/Garrison | Triggered checkpoint 10400 | -8/Garrison | Garrison Relay disabled 10768 | -8/Garrison | Garrison Relay disabled 10801 | -8/Garrison | Triggered checkpoint 11261 | -8/Garrison | Garrison Relay disabled 11271 | -8/Garrison | Triggered checkpoint 11333 | -8/Garrison | Discovered new exit (range 3) 11633 | -8/Garrison | Garrison Relay disabled 11677 | -8/Garrison | Triggered checkpoint 11757 | -8/Garrison | Triggered checkpoint 11844 | -8/Garrison | Garrison Relay disabled 11916 | -8/Garrison | Expanded RIF knowledge: Program Shield 12376 | -8/Garrison | Build established: Bothacker-Skirmisher 12736 | -8/Garrison | Entered Materials 12736 | -8/Materials | Accompanied by 7 allies 13469 | -8/Materials | Build established: Commander-Skirmisher 13640 | -8/Materials | Garrison activated, responded to threat 13754 | -8/Materials | Core integrity fell below 50% 13786 | -8/Materials | Lost 3 allies 13796 | -8/Materials | Identified exit to Garrison 13818 | -8/Materials | Entered Garrison 13818 | -8/Garrison | Accompanied by 7 allies 13862 | -8/Garrison | Triggered checkpoint 13910 | -8/Garrison | Garrison Relay disabled 14050 | -8/Garrison | Triggered checkpoint 14151 | -8/Garrison | Garrison Relay disabled 14177 | -8/Garrison | Triggered checkpoint 14212 | -8/Garrison | Triggered checkpoint 14213 | -8/Garrison | Build established: Commander-Sprinter 14218 | -8/Garrison | Triggered checkpoint 14443 | -8/Garrison | Triggered checkpoint 14444 | -8/Garrison | Discovered new exit (range 11) 14452 | -8/Garrison | Garrison Relay disabled 14532 | -8/Garrison | Core integrity fell below 20% 14583 | -8/Garrison | Triggered checkpoint 14600 | -8/Garrison | Discovered new exit (range 5) 14659 | -8/Garrison | Garrison Relay disabled 14700 | -8/Garrison | Garrison Relay disabled 14716 | -8/Garrison | Discovered new exit (range 15) 14746 | -8/Garrison | Spotted B-75 Beast 14746 | -8/Garrison | Spotted B-75 Beast 14822 | -8/Garrison | Destroyed B-75 Beast 14885 | -8/Garrison | Triggered checkpoint 14936 | -8/Garrison | Expanded RIF knowledge: Zone Cloak 14998 | -8/Garrison | Triggered checkpoint 15023 | -8/Garrison | Discovered new exit (range 12) 15047 | -8/Garrison | Garrison Relay disabled 15070 | -8/Garrison | Rescued a captive Derelict 15072 | -8/Garrison | Rescued a captive Derelict 15196 | -8/Garrison | Triggered checkpoint 15791 | -8/Garrison | Build established: Commander-Skirmisher 16939 | -8/Garrison | Build established: Commander-Mutant 16958 | -8/Garrison | Entered Materials 16958 | -8/Materials | Accompanied by 13 allies 17074 | -8/Materials | Discovered exit to Storage (range 10) 17126 | -8/Materials | Destroyed 7 combat bots 17146 | -8/Materials | Lost 3 allies 17358 | -8/Materials | First assault squad dispatched 17437 | -8/Materials | Self-destructed Last Messages --------------- 17402_ G-47 Trooper destroyed. 17404_ Remote Datajack destroyed. 17405_ U-05 Engineer builds a Wall. 17406_ Destroyed Wheel. 17406_ Destroyed Lgt. Deuterium Engine. 17406_ Destroyed Wheel. 17406_ Smith 3b suffers critical hit (Blast). 17406_ Destroyed Imp. Recalibrator. 17406_ Smith 3b knocked back. 17408_ Smith 3b destroyed. 17408_ Destroyed Aluminum Leg. 17408_ G-47 Trooper knocked back. 17412_ G-47 Trooper suffers critical hit (Blast). 17412_ G-47 Trooper destroyed. 17413_ U-05 Engineer builds a Wall. 17414_ G-47 Trooper destroyed. 17416_ Destroyed Com. Wheel. 17416_ I-25 Savior knocked back. 17418_ I-25 Savior destroyed. 17431_ K-01 Serf collects debris. Map ----- +----------------------------------------------------+ | ??????????????????????????????????????????? | | ??????????????????????????????????????????? | | ??????????????????????????????????????????? | | ??????????????????????????????????????????? | | ??????????????????????????????????????????? | | ??????????????????????????????????????????? | | ??????????????????????????????????????????? | | ??????????????????????????????????????????? | | ??????????????????????????????????????????? | | ????????????????? ??????????????????????? | | ????????????????# ??????????????????????? | | ????????????????# #?????????????????????? | | ????????????????# #?????????????????????? | | ???????########## a #?????????????????????? | | ??????? ! # #?????????????????????? | | ??????? # #?????????????????????? | | ??????# k % ####??????????????????? | | ??????# # ???????????????????? | | ??????# # ????????????????????? | | ??????# """ """ # ?????????????????????? | | ??????? """ """ #% #????##???????????????? | | ?????????"" ""??#]t[##### ##??????????????? | | ?##########/#??##!]!# ]#??????????????? | | # ## #####%%=# #??????????????? | | #= """ #% % !%!][# "" +??????????????? | | # """ =+ = !%@[+ "T #??????????????? | | # """ # % *[ # "" #??????????????? | | #* # % !%*==## #??????????????? | | # """ # %%*[%[#########??????????????? | | # """ # "%"=*#??????????????????????? | | # """ # """*%#??????????????????????? | | # ! # """[=####???????????????????? | | #?######## =*![a# ????????????????????? | | ????????## !u[%# #????????????????????? | | ????????# %%%=# ###??????????????????? | | ????????# !*[=[ #??????????????????? | | ????????# !* #??????????????????? | | ????????# #??????????????????? | | ????????# ####%" #??????????????????? | | ????????#######??# [ #??????????????????? | | ???????????########*%=##?####?????????????? | | ???????????# = #|! #? #?????????????? | | ???????????# #%=!# """#?????????????? | | ???????????# """ /*[=+ """#?????????????? | | ???????????# """ # [%# """#?????????????? | | ???????????# """ #=*=# #?????????????? | | ???????????# ?#%=*#? #?????????????? | | ???????????######?#*=%#? ! #?????????????? | | ??????????????????# #??####?????????????? | | ??????????????????#= #???????????????????? | +----------------------------------------------------+ Best States ------------- Heat Dissipation 45 Energy Generation 14 Energy Capacity 275 Matter Stores 300 Matter Capacity 300 Sight Range 16 Terrain Scan Density 10 Armor Coverage 225 Weapon Shielding 33 Evasion (%) 64 Recoil Reduction 3 Offensive Hacking 10 Relay Coupler Types 3 Relay Coupler Value 57 Item Schematics ----------------- Arm. Wheel | -8/Materials | Hacked Lgt. Treads | -8/Materials | Hacked Lgt. Assault Rifle | -8/Materials | Hacked Bore Cannon | -8/Materials | Scanalyzed Surge Thruster | -8/Materials | Scanalyzed Arm. Treads | -8/Materials | Scanalyzed Axe | -8/Materials | Scanalyzed Imp. VTOL Module | -8/Materials | Scanalyzed Enh. Autogun | -8/Materials | Scanalyzed Proton Cannon | -8/Materials | Scanalyzed Hvy. Ion Engine | -8/Materials | Scanalyzed Remote Datajack | -8/Materials | Scanalyzed Imp. Datajack | -8/Materials | Scanalyzed Robot Schematics ------------------ M-13 Machinist | -10/Materials | Hacked Fabricated ------------ Nothing Repaired ---------- Minigun | 34% | -8/Materials Alien Tech Used ----------------- None Achievements -------------- None Challenges ------------ None Game ------ Seed InterceptCloakBlasthammer Manual? 0 Play Time 02:17:35 Cumulative 972.6 hours Start 2025.06.26 @ 20:19:38 End 2025.06.27 @ 00:52:28 Sessions 3 Manual Loads 0 Difficulty Rogue Special Mode None Game No. 502 Rogue 502 Adventurer 0 Explorer 0 Win Type - Total 23 Types 10/4/3/0/1/1/2/2/0/0 Lore% 85 Gallery% 87 Achievement% 83 Wizard Run 0 Options --------- Layout 0 ASCII 0 Keyboard 0 Movement Numpad Keybinds 0 Fullscreen 2 Font 24/Smallcaps Map View 76x50 Zoom Use 0% Tactical HUD 1 Map Filters NONE Filters SHIFT_HUE(315) Steam 1 RUN: bc13f7a7-ed67-46eb-9c96-ef81433bb01a